 Dungeon Crawl Stone Soup version 0.28.0-49-g6dfe1f597d (webtiles) character file.

Game seed: 979689631977281805

9475 Zeld the Zephyrmancer (level 11, 0/69 HPs)
             Began as a Tengu Air Elementalist on May 17, 2022.
             Was a Follower of Sif Muna.
             Slain by a vampire mosquito (7 damage)
             ... on level 10 of the Dungeon.
             The game lasted 00:22:42 (20941 turns).

Zeld the Zephyrmancer (Tengu Air Elementalist)     Turns: 20941, Time: 00:22:42

Health: 0/69       AC:  4    Str:  9    XL:     11   Next: 47%
Magic:  3/24       EV: 18    Int: 25    God:    Sif Muna [*.....]
Gold:   459        SH:  0    Dex: 14    Spells: 16/26 levels left

rFire   . . .      SeeInvis .   a - +4 falchion "Jatuusin" {venom, Int+5}
rCold   . . .      Faith    .   (no shield)
rNeg    . . .      Spirit   .   G - +0 robe
rPois   +          Reflect  .   x - +1 hat
rElec   .          Harm     .   (no cloak)
rCorr   .          Rampage  .   s - +0 pair of gloves
Will    .....                   (boots unavailable)
Stlth   +++.......              (no amulet)
HPRegen 0.21/turn               e - ring of poison resistance
MPRegen 0.19/turn               (no ring)

@: swift (expiring), flying quickly and evasively, very quick
A: beak, talons 3, nimble flight
a: Renounce Religion, Channel Magic


You were on level 10 of the Dungeon.
You worshipped Sif Muna.
Sif Muna was aware of your devotion.
You visited 2 branches of the dungeon, and saw 11 of its levels.
You also visited: Sewer and Ossuary.

You collected 911 gold pieces.
You spent 452 gold pieces at shops.

Inventory:

Hand Weapons
 a - the +4 falchion "Jatuusin" (weapon) {venom, Int+5}
   (You bought it in a shop on level 7 of the Dungeon)

   It poisons the flesh of those it strikes.
   Int:       It affects your intelligence (+5).
Armour
 s - a +0 pair of gloves (worn)
 x - a +1 hat (worn)
 G - a +0 robe (worn)
Jewellery
 e - a ring of poison resistance (left hand)
 g - a ring of protection from cold
Wands
 C - a wand of acid (7)
 E - a wand of mindburst (7)
 F - a wand of charming (11)
Scrolls
 b - 8 scrolls of identify {unknown}
 d - 3 scrolls of torment {unknown}
 i - 2 scrolls of teleportation {unknown}
 j - a scroll of brand weapon {unknown}
 k - 2 scrolls of magic mapping {unknown}
 o - a scroll of vulnerability {unknown}
 r - a scroll of fog {unknown}
 u - a scroll of silence {unknown}
 v - 3 scrolls of enchant weapon {unknown}
 y - 4 scrolls of noise {unknown}
 z - a scroll of summoning {unknown}
 B - a scroll of acquirement {unknown}
Potions
 c - 4 potions of mutation {unknown}
 f - 2 potions of flight {unknown}
 h - 2 potions of curing
 l - 4 potions of haste {unknown}
 n - a potion of ambrosia {unknown}
 p - 4 potions of magic {unknown}
 q - 2 potions of brilliance {unknown}
 t - 2 potions of lignification {unknown}
 w - a potion of heal wounds {unknown}
 A - a potion of cancellation {unknown}
 D - 3 potions of might {unknown}
 H - a potion of invisibility


   Skills:
 * Level 8.7 Fighting
 + Level 7.1 Dodging
 + Level 7.1 Stealth
 * Level 8.4 Spellcasting
 - Level 2.0 Conjurations
 * Level 12.2 Air Magic


You had 16 spell levels left.
You knew the following spells:

 Your Spells              Type           Power      Damage    Failure   Level
a - Shock                 Conj/Air       100%       1d9       1%          1
b - Static Discharge      Conj/Air       46%        N/A       1%          2
c - Swiftness             Air            64%        N/A       1%          3
d - Airstrike             Air            32%        N/A       1%          4

Your spell library contained the following spells:

 Spells                   Type           Power      Damage    Failure   Level
 Corpse Rot               Necr/Air       82%        N/A       1%          2
 Poisonous Vapours        Pois/Air       82%        N/A       1%          2
 Sandblast                Erth           20%        2d7       6%          1
 Passwall                 Tmut/Erth      8%         N/A       9%          2
 Stone Arrow              Conj/Erth      30%        3d8       12%         3
 Inner Flame              Hex/Fire       10%        N/A       17%         3
 Summon Guardian Golem    Hex/Summ       10%        N/A       17%         3
 Cause Fear               Hex            5%         N/A       50%         4
 Orb of Destruction       Conj           10%        9d6       100%        7
 Spellforged Servitor     Conj/Summ      7%         N/A       100%        7
 Discord                  Hex            5%         N/A       100%        8


Dungeon Overview and Level Annotations

Branches:
Dungeon (10/15)            Temple (1/1) D:6           Sewer (visited)
Ossuary (visited)
   Lair: D:8-11         Orc: D:9-12

Altars:
Ashenzari
Cheibriados
Dithmenos
Elyvilon
Fedhas
Gozag
Hepliaklqana
Kikubaaqudgha
Makhleb
Nemelex Xobeh
Okawaru
Qazlal
Ru
Sif Muna
Trog
Uskayaw
Vehumet
Wu Jian
Xom
Yredelemnul
Zin
The Shining One
Lugonu

Shops:
D:7 (

Annotations:
D:5 2 runed translucent doors, Iusername's ghost, amateur MiFi


Innate Abilities, Weirdness & Mutations

You have a beak for a mouth.
You have claws for feet.
Your magical nature lets you fly swiftly and evasively.


Message History

The vampire mosquito draws strength from your injuries!
The vampire mosquito misses you. The vampire mosquito bites you.
The vampire mosquito draws strength from your injuries!
The vampire mosquito bites you!
The vampire mosquito draws strength from your injuries!
The vampire mosquito bites you but does no damage.
The vampire mosquito bites you.
The vampire mosquito draws strength from your injuries!
Casting: Airstrike (safe; 1% risk of failure)
Confirm with . or Enter, or press ? or * to list all spells.
You feel quick. The vampire mosquito bites you.
The vampire mosquito draws strength from your injuries!
The vampire mosquito bites you.
* * * LOW HITPOINT WARNING * * *
The vampire mosquito draws strength from your injuries!
The vampire mosquito barely misses you. The vampire mosquito misses you.
The vampire mosquito closely misses you.
The vampire mosquito misses you.
The vampire mosquito closely misses you.
There is a stone staircase leading up here.
The vampire mosquito bites you.
* * * LOW HITPOINT WARNING * * *
The vampire mosquito draws strength from your injuries!
The vampire mosquito bites you!
* * * LOW HITPOINT WARNING * * *
The vampire mosquito draws strength from your injuries!
You feel better. The vampire mosquito misses you.
The vampire mosquito completely misses you.
The vampire mosquito barely misses you. The vampire mosquito bites you!
* * * LOW HITPOINT WARNING * * *
The vampire mosquito draws strength from your injuries!
Unknown command.
You feel better.
You start to feel a little slower.
The vampire mosquito completely misses you.
The vampire mosquito closely misses you.
The vampire mosquito bites you!
You die...

###################
........$..........
...................
################...
#... #. #...
#..#################...
#......y...............
#.....@y.<.............
#######################


You could see 2 vampire mosquitoes.

Vanquished Creatures
  A two-headed ogre (D:9)
  Erica (D:8)
  A manticore (D:10)
  A gargoyle (D:10)
  Maggie (D:8)
  Psyche (D:8)
  A shadow (D:10)
  2 wraiths
  6 yaks (D:10)
  Eustachio (D:5)
  A wyvern (D:7)
  A steam dragon (D:9)
  2 vampire mosquitoes (D:10)
  4 water moccasins
  3 ice beasts
  3 ogres
  2 sky beasts
  3 orc warriors
  A necrophage (D:7)
  6 centaurs
  A phantom (D:6)
  4 bullfrogs
  8 kobold brigands
  2 wyvern zombies (D:9)
  A gnoll sergeant (D:8)
  A wyvern skeleton (D:5)
  A water moccasin skeleton (D:5)
  5 wights (D:8)
  6 electric eels (D:9)
  A howler monkey (D:9)
  A centaur zombie (D:5)
  A jelly (D:5)
  2 bullfrog zombies
  2 orc priests
  2 bullfrog skeletons
  6 hounds
  A centaur skeleton (D:4)
  An iguana (D:5)
  3 gnoll shamans
  7 orc wizards
  A killer bee zombie (D:9)
  8 mummies (Ossuary)
  A howler monkey zombie (D:10)
  2 howler monkey skeletons
  9 adders
  38 gnolls
  A river rat (D:6)
  A howler monkey simulacrum (D:9)
  6 worms
  2 dart slugs
  42 orcs
  9 ball pythons
  9 endoplasms
  3 giant cockroaches
  9 goblins
  15 hobgoblins
  16 jackals
  5 quokkas
  6 bats
  A frilled lizard (D:2)
  2 gnoll zombies (Ossuary)
  3 hobgoblin zombies (Ossuary)
  21 kobolds
  3 orc zombies (Ossuary)
  5 rats
316 creatures vanquished.

Vanquished Creatures (others)
  11 plants
11 creatures vanquished.

Grand Total: 327 creatures vanquished

Notes
Turn   | Place    | Note
-------+----------+-------------------------------------------
     0 | D:1      | Zeld the Tengu Air Elementalist began the quest for the
                  | Orb.
     0 | D:1      | Reached XP level 1. HP: 10/10 MP: 4/4
   388 | D:1      | Reached XP level 2. HP: 16/16 MP: 4/6
   428 | D:1      | Learned a level 2 spell: Static Discharge
   788 | D:1      | Reached XP level 3. HP: 20/20 MP: 4/7
   792 | D:1      | Learned a level 3 spell: Swiftness
  1038 | D:2      | Reached skill level 1 in Fighting
  1132 | D:2      | Found a stormy altar of Qazlal.
  1551 | D:2      | Reached XP level 4. HP: 19/25 MP: 2/8
  2388 | D:2      | You fall into a shaft and drop 1 floor!
  2510 | D:3      | Found a blossoming altar of Fedhas.
  2560 | D:3      | Reached skill level 5 in Air Magic
  2984 | D:3      | Gained mutation: Your magical nature lets you fly swiftly
                  | and evasively. [Tengu growth]
  2984 | D:3      | Reached XP level 5. HP: 29/29 MP: 4/10
  3102 | D:3      | Found a shadowy altar of Dithmenos.
  3967 | D:3      | Reached XP level 6. HP: 26/36 MP: 2/11
  4560 | D:3      | Reached skill level 6 in Air Magic
  4902 | D:3      | Learned a level 4 spell: Airstrike
  5016 | D:3      | Reached XP level 7. HP: 21/41 MP: 5/13
  6197 | D:3      | HP: 1/41 [gnoll/+0 whip of electrocution (13)]
  7055 | D:4      | Found a sand-covered staircase.
  7091 | D:4      | Found a broken altar of Ashenzari.
  7137 | D:4      | Found an opulent altar of Gozag.
  7218 | Ossuary  | Entered an ossuary
  8326 | D:4      | Reached XP level 8. HP: 29/48 MP: 11/15
  8328 | D:4      | Reached skill level 7 in Air Magic
  8641 | D:4      | Found a basalt altar of Yredelemnul.
  9187 | D:5      | Entered Level 5 of the Dungeon
  9503 | D:5      | Found a runed translucent door.
  9668 | D:5      | Noticed Iusername's ghost (amateur MiFi)
  9783 | D:5      | Reached skill level 5 in Spellcasting
  9789 | D:5      | Reached skill level 8 in Air Magic
  9946 | D:5      | Reached skill level 5 in Fighting
 10044 | D:5      | Noticed Eustachio
 10049 | D:5      | Killed Eustachio
 10193 | D:5      | Found a runed translucent door.
 10273 | D:5      | Reached XP level 9. HP: 54/54 MP: 8/18
 10531 | D:6      | Found a staircase to the Ecumenical Temple.
 10596 | Temple   | Entered the Ecumenical Temple
 10732 | D:6      | Found a burning altar of Makhleb.
 11001 | D:6      | Reached skill level 5 in Dodging
 11173 | D:6      | Reached skill level 5 in Stealth
 11264 | D:6      | Found a glowing drain.
 11287 | Sewer    | Entered a sewer
 11755 | Sewer    | Reached skill level 9 in Air Magic
 13822 | D:7      | Found a glowing silver altar of Zin.
 14119 | D:7      | Found Reng's Weapon Shoppe.
 14130 | D:7      | Bought the +4 falchion "Jatuusin" {venom, Int+5} for 452
                  | gold pieces
 14153 | D:7      | Found an ornate altar of the Wu Jian Council.
 14239 | D:7      | Reached XP level 10. HP: 61/61 MP: 11/20
 14476 | D:8      | Reached skill level 10 in Air Magic
 14703 | D:8      | Noticed Maggie
 14808 | D:8      | Killed Maggie
 15156 | D:8      | Noticed Erica
 15653 | D:8      | Killed Erica
 15810 | D:8      | Noticed Psyche
 16487 | D:8      | Killed Psyche
 16488 | D:8      | Reached skill level 11 in Air Magic
 16725 | D:8      | Found a shimmering blue altar of Sif Muna.
 16743 | D:8      | Became a worshipper of Sif Muna the Loreminder
 16894 | D:9      | Noticed a two-headed ogre
 16899 | D:9      | Killed a two-headed ogre
 17511 | D:9      | Reached XP level 11. HP: 68/68 MP: 10/23
 17712 | D:9      | Found a stormy altar of Qazlal.
 17715 | D:9      | Found a glowing golden altar of the Shining One.
 17768 | D:9      | Found an ancient bone altar of Kikubaaqudgha.
 19289 | D:10     | Entered Level 10 of the Dungeon
 19564 | D:10     | Noticed a manticore
 19570 | D:10     | Killed a manticore
 20021 | D:10     | Reached * piety under Sif Muna
 20026 | D:10     | Found an iron altar of Okawaru.
 20341 | D:10     | Reached skill level 12 in Air Magic
 20940 | D:10     | HP: 2/69 [vampire mosquito (9)]
 20941 | D:10     | Slain by a vampire mosquito

Illustrated notes

Levels and vault maps discovered:
D:1:      minmay_arrival_four_houses, layout_basic
D:2:      layout_basic, basic_altar, minmay_heptomino_o4
D:3:      lemuel_castle_with_subvaults [lemuel_castle_interior_carwin_1],
          layout_basic, fedhas_ov_isle_minmay, nicolae_dithmenos_shadow_blocks
D:4:      layout_basic, cheibrodos_ashenzari_chains, grunt_gozag_breadcrumbs,
          lemuel_round_altar, enter_ossuary_1
D:5:      layout_rooms, ebering_ghost_sewer_f, chequers_mini_garden,
          uniq_eustachio
D:6:      layout_basic, old_standard_altar, minmay_temple_entry_stoned_glass,
          portal_sewer_entry_a
D:7:      layout_cave_pools, kennysheep_mini_moat,
          mainiacjoe_overflow_tiny_flanked, serial_shops,
          nicolae_shop_advertising_works [nicolae_subvault_shop_adworks]
D:8:      layout_basic, kennysheep_orc_sif_temple, uniq_psyche, uniq_erica,
          uniq_maggie
D:9:      cheibrodos_two_vegetables, layout_irregular_city,
          amcnicky_altar_gilded, nicolae_overflow_squiral
D:10:     layout_long_grid, kennysheep_okawaru_gauntlet, minmay_statues_item
Temple:   kb_corrupted_temple

Skill      XL: |  1  2  3  4  5  6  7  8  9 10 11 |
---------------+----------------------------------+-----
Fighting       | 1 2 3 5 6 8 |  8.7
Conjurations   | 2 |  2.0
Air Magic      | 5 6 8 9 11 12 | 12.2
Spellcasting   | 3 4 5 6 7 8 |  8.4
Dodging        | 3 4 5 6 7 |  7.1
Stealth        | 3 4 5 6 7 |  7.1

Action                   |  1- 3 |  4- 6 |  7- 9 | 10-12 || total
-------------------------+-------+-------+-------+-------++-------
Melee: Unarmed           |    20 |    26 |    10 |       ||    56
       Kick              |     6 |    10 |    43 |    34 ||    93
       Peck              |     4 |     8 |    27 |    16 ||    55
       Punch             |       |     1 |       |     2 ||     3
       Dagger            |       |       |    96 |       ||    96
       Falchion          |       |       |     3 |    98 ||   101
 Cast: Shock             |    72 |   189 |   158 |     5 ||   424
       Static Discharge  |       |     1 |       |       ||     1
       Airstrike         |       |       |   138 |   146 ||   284
       Swiftness         |       |       |     2 |     2 ||     4
  Use: Potion            |       |       |     2 |     2 ||     4
 Stab: Sleeping          |       |       |     1 |       ||     1
Armor: Robe              |       |     2 |    20 |    22 ||    44
Dodge: Dodged            |    16 |    37 |   135 |   159 ||   347
